 Dungeon Crawl Stone Soup version 0.27-a0-277-g024f7ef292 (webtiles) character file.

Game seed: 33425937981715053

182 siradein the Firebug (level 5, -1/35 HPs)
             Began as a Demonspawn Fire Elementalist on Feb 6, 2021.
             Was a Follower of Vehumet.
             Killed from afar by a white imp (9 damage)
             ... with a puff of frost
             ... on level 4 of the Dungeon.
             The game lasted 00:11:05 (3616 turns).

siradein the Firebug (Demonspawn Fire Elementalist) Turns: 3616, Time: 00:11:06

Health: -1/35      AC:  3    Str:  8    XL:     5   Next: 34%
Magic:  10/10      EV: 12    Int: 18    God:    Vehumet [*.....]
Gold:   169        SH:  4    Dex: 13    Spells: 3/10 levels left

rFire    . . .     SeeInvis .   h - staff of earth
rCold    . . .     Faith    .   (no shield)
rNeg     . . .     Spirit   .   a - +0 robe
rPois    .         Reflect  .   g - +0 helmet
rElec    .         Harm     .   (no cloak)
rCorr    .         Rampage  .   (no gloves)
Will     +....                  (no boots)
Stlth    ++........             (no amulet)
HPRegen  0.11/turn              e - ring of willpower
MPRegen  0.12/turn              (no ring)

@: no status effects
A: hooves 1, spiny 1, condensation shield
a: Renounce Religion


You were on level 4 of the Dungeon.
You worshipped Vehumet.
Vehumet was aware of your devotion.
You visited 1 branch of the dungeon, and saw 4 of its levels.

You collected 169 gold pieces.

Inventory:

Armour
 a - a +0 robe (worn)
 g - a +0 helmet (worn)
Magical Staves
 h - an uncursed staff of earth (weapon)
Jewellery
 e - a ring of willpower (left hand)
Wands
 l - a wand of polymorph (9)
Scrolls
 b - 5 scrolls of teleportation {unknown}
 f - a scroll of enchant weapon {unknown}
 j - 2 scrolls of blinking {unknown}
 m - a scroll of remove curse {unknown}
 n - a scroll of amnesia {unknown}
Potions
 c - 2 potions of haste {unknown}
 d - 2 potions of flight {unknown}
 i - 3 potions of curing {unknown}
 k - a potion of degeneration {unknown}
 o - a potion of lignification {unknown}


   Skills:
 - Level 1.7 Dodging
 - Level 1.7 Stealth
 + Level 3.3 Spellcasting
 + Level 3.1 Conjurations
 + Level 3.8 Fire Magic


You had 3 spell levels left.
You knew the following spells:

 Your Spells              Type           Power        Failure   Level
a - Foxfire               Conj/Fire      60%          3%          1
b - Conjure Flame         Conj/Fire      15%          11%         3
c - Inner Flame           Hex/Fire       10%          22%         3

Your spell library contained the following spells:

 Spells                   Type           Power        Failure   Level
 Shock                    Conj/Air       32%          9%          1
 Sticky Flame             Conj/Fire      15%          36%         4
 Fireball                 Conj/Fire      7%           71%         5


Dungeon Overview and Level Annotations

Branches:
Dungeon (4/15)
 Temple: D:4-7

Altars:
Nemelex Xobeh
Uskayaw
Vehumet
Yredelemnul


Innate Abilities, Weirdness & Mutations

You have large cloven feet.
You are partially covered in sharp spines.
A meltable shield of frost defends you. (SH +4)


Message History

The puff of frost hits you.
* * * LOW HITPOINT WARNING * * *
You are no longer glowing.
A leopard gecko comes into view.
The white imp picks up a beetle and eats it.
Found a scroll labelled QELIFA ZUAGE.
Found a scroll labelled XUNYMO ABINOKHOO.
The leopard gecko misses you.
Found a metal-bound book.
Found a stone staircase leading down.
The leopard gecko is struck by your spines.
You kill the leopard gecko!
Vehumet accepts your kill.
You feel your power returning.
Found a stone staircase leading down and a stone staircase leading up.
Found a stone staircase leading up.
Found a plate armour.
The white imp gestures at you. The puff of frost hits you!
You die...

....##... #[......##
........ # ......##
..###..../.#
....#.....<.
.........#.#
.......@##<#
.........#.#
...>...Bl..## #.
...#........# .#.# ..
###......### .:.>.. .
.##...o....##......
......o#g#5....##.# .
....##..g#.....#..#..
...# ###....g...?...


You could see an iguana, a worker ant, 2 gnolls, a white imp and 2 orcs.

Vanquished Creatures
  Jessica (D:3)
  Robin (D:2)
  A gnoll (D:4)
  4 adders
  2 worms
  2 dart slugs
  3 leopard geckos
  9 bats
  6 giant cockroaches
  14 goblins
  14 hobgoblins
  2 jackals (D:3)
  6 kobolds
  2 quokkas
  A ball python (D:2)
  4 frilled lizards
  9 rats
81 creatures vanquished.

Vanquished Creatures (others)
  217 foxfires
  A fungus (D:1)
  A plant (D:1)
219 creatures vanquished.

Grand Total: 300 creatures vanquished

Notes
Turn   | Place    | Note
-------+----------+-------------------------------------------
     0 | D:1      | siradein the Demonspawn Fire Elementalist began the quest
                  | for the Orb.
     0 | D:1      | Reached XP level 1. HP: 13/13 MP: 3/3
   257 | D:1      | Gained mutation: You have large cloven feet. [demonic
                  | ancestry]
   257 | D:1      | Reached XP level 2. HP: 19/19 MP: 3/5
   918 | D:2      | Gained mutation: A meltable shield of frost defends you.
                  | (SH +4) [demonic ancestry]
   918 | D:2      | Reached XP level 3. HP: 24/24 MP: 4/6
  1190 | D:2      | Found a sparkling altar of Nemelex Xobeh.
  1513 | D:2      | Reached XP level 4. HP: 25/30 MP: 0/8
  1622 | D:2      | Noticed Robin
  1861 | D:2      | Killed Robin
  2015 | D:2      | Found a basalt altar of Yredelemnul.
  2099 | D:2      | Found a radiant altar of Vehumet.
  2112 | D:2      | Became a worshipper of Vehumet
  2549 | D:3      | Noticed Jessica
  2562 | D:3      | Killed Jessica
  2741 | D:3      | Learned a level 3 spell: Conjure Flame
  2745 | D:3      | Learned a level 3 spell: Inner Flame
  2891 | D:3      | Gained mutation: You are partially covered in sharp spines.
                  | [demonic ancestry]
  2891 | D:3      | Reached XP level 5. HP: 35/35 MP: 7/9
  2950 | D:3      | Reached * piety under Vehumet
  2950 | D:3      | Offered knowledge of Shock by Vehumet.
  3334 | D:3      | Found a hide-covered altar of Uskayaw.
  3616 | D:4      | Killed from afar by a white imp

Illustrated notes

Levels and vault maps discovered:
D:1:      wander_arrival_fairy_ring, layout_rooms, amcnicky_mini_pool_small
D:2:      layout_loops_cross, overflow_temple_1_default, old_standard_altar,
          lemuel_coloured_pillars_altar, uniq_robin
D:3:      layout_basic, lemuel_doored_altar, uniq_jessica
D:4:      layout_cave_pools, trog_eyes_of_draining, ebering_ghost_disaster_area,
          portal_sewer_entry_e

Skill      XL: |  1  2  3  4  5 |
---------------+----------------+-----
Fire Magic     | 3 |  3.8
Conjurations   | 2 3 |  3.1
Spellcasting   | 3 |  3.3
Dodging        | |  1.7
Stealth        | |  1.7

Action                   |  1- 3 |  4- 6 || total
-------------------------+-------+-------++-------
Melee: Staff             |       |     3 ||     3
       Kick              |       |     1 ||     1
 Cast: Foxfire           |    67 |    65 ||   132
Armor: Robe              |     6 |     8 ||    14
Dodge: Dodged            |    13 |    31 ||    44
Block: Other             |     4 |    11 ||    15

Table legend: (Time is in decaauts)
 A = Elapsed time spent in this place.
 B = Non-inter-level travel time spent in this place.
 C = Inter-level travel time spent in this place.
 D = Time resting spent in this place.
 E = Time spent auto-exploring this place.
 F = Levels seen in this place.
 G = Mean time per level.
                   A        B        C        D        E       F      G
               +--------+--------+--------+--------+--------+-----+--------+
         Total |   3616 |   3570 |     46 |    153 |   2696 |   4 |  904.0 |
       Dungeon |   3616 |   3570 |     46 |    153 |   2696 |   4 |  904.0 |
               +--------+--------+--------+--------+--------+-----+--------+

Top non-repeatable levels by time:
     D:2: 1308 daAuts
     D:3: 1127 daAuts
     D:1: 1112 daAuts
     D:4: 67 daAuts
